 Dungeon Crawl Stone Soup version 0.18-a0-1784-ga939a68 (webtiles) character file.

53 Murumi the Shield-Bearer (level 4, -3/35 HPs)
             Began as a Formicid Fighter on Apr 19, 2016.
             Slain by a gnoll
             ... wielding a cursed -1 halberd
              (15 damage)
             ... on level 2 of the Dungeon.
             The game lasted 00:03:02 (811 turns).

Murumi the Shield-Bearer (Formicid Fighter)          Turns: 811, Time: 00:03:02

Health: -3/35      AC:  6    Str: 21    XL:     4   Next: 11%
Magic:  4/4        EV:  8    Int:  8    God:
Gold:   72         SH: 10    Dex: 10    Spells: 0 memorised, 3 levels left

rFire  . . .     SeeInvis +     a - +0 long sword
rCold  . . .     Gourm    .     b - +0 scale mail
rNeg   . . .     Faith    .     c - +0 shield
rPois  .         Spirit   .     (helmet unavailable)
rElec  .         Dismiss  .     (no cloak)
rCorr  .         Reflect  .     (no gloves)
SustAt .         Harm     .     (no boots)
MR     .....                    (no amulet)
Stlth  ..........               (no ring)
                                (no ring)

@: not resistant to hostile enchantments, extremely unstealthy
A: permanent stasis, dig shafts and tunnels, four strong arms, antennae 3
a: Dig, Shaft Self


You were on level 2 of the Dungeon.
You were not hungry.

You visited 1 branch of the dungeon, and saw 2 of its levels.

You collected 72 gold pieces.

Inventory:

Hand Weapons
 a - a +0 long sword (weapon)
Missiles
 h - 92 stones (quivered)
Armour
 b - a +0 scale mail (worn)
 c - a +0 shield (worn)
Potions
 d - a potion of might
 e - a potion of flight
 i - a potion of curing {unknown}
Comestibles
 f - a bread ration
 j - 6 fruits


   Skills:
 - Level 3.2 Fighting
 - Level 3.0 Long Blades
 - Level 3.2 Armour
 + Level 4.9 Shields


You had 3 spell levels left.
You didn't know any spells.

Dungeon Overview and Level Annotations

Branches:
Dungeon (2/15)

Altars:


Innate Abilities, Weirdness & Mutations

You are under a permanent stasis effect.
You can dig through walls and to a lower floor.
Your four strong arms can wield two-handed weapons with a shield.
You have a pair of large antennae on your head (SInv).


Message History

You hit the gnoll.
The gnoll is almost dead.
You block the gnoll's attack.
You slash the gnoll!
You kill the gnoll!
You have reached level 4!
You feel clever.
You slash the gnoll!
The gnoll is severely wounded.
You block the gnoll's attack.
You barely miss the gnoll.
The gnoll is severely wounded.
The gnoll misses you.
You closely miss the gnoll.
The gnoll is severely wounded.
The gnoll hits you with a halberd.
You hit the gnoll but do no damage.
The gnoll is severely wounded.
The gnoll hits you with a halberd!
You die...

.....###.........####............
..........#.#...........#.#......
.....#................#..........
...†.##...........#...##.......#
#.##.............)..#..........#
#.##..##.####.#....####...###.#..
#.##..##......####... ###.....#.#
#.##......###.#g##.#..##..#.....#
#.##..#....##..#@#.##....<.....##
#.....#....##.####.###..††#..#.#
...#.#..?....g# ..##........# ..
...#..................##..###.. .
......#.....(g...###.. ###[ ...
......#..........#≈≈. . ....
........(........#≈. . ##
#.#..##........... ## #.#.#
####.)......♣


You could see a gnoll.

Vanquished Creatures
  2 gnolls (D:2)
  An ooze (D:2)
  A dart slug (D:1)
  A giant gecko (D:1)
  2 giant cockroaches (D:1)
  2 goblins (D:1)
  5 hobgoblins (D:1)
  3 jackals (D:2)
  4 kobolds
  2 bats
  2 giant newts (D:1)
  A rat (D:1)
26 creatures vanquished.

Vanquished Creatures (others)
  A dart slug (D:2)
  A quokka (D:2)
2 creatures vanquished.

Grand Total: 28 creatures vanquished

Notes
Turn   | Place    | Note
--------------------------------------------------------------
     0 | D:1      | Murumi the Formicid Fighter began the quest for the Orb.
     0 | D:1      | Reached XP level 1. HP: 18/18 MP: 1/1
    55 | D:1      | Reached skill level 4 in Shields
    57 | D:1      | Reached XP level 2. HP: 20/24 MP: 2/2
   248 | D:1      | Reached XP level 3. HP: 26/29 MP: 3/3
   807 | D:2      | Reached XP level 4. HP: 16/35 MP: 4/4
   811 | D:2      | Slain by a gnoll

Vault maps used:
D:1:      dpeg_arrival_round_b
D:2:      elyvilon_altar_4, serial_glass, glass_columns_a, glass_columns_b,
          glass_columns_a, uniq_jessica

Skill      XL: |  1  2  3 |
---------------+----------+-----
Shields        | 4 |  4.9
Long Blades    | 3 |  3.0
Fighting       | |  3.2
Armour         | |  3.2

Action                   |  1- 3 |  4- 6 || total
-------------------------+-------+-------++-------
Melee: Long sword        |    72 |     4 ||    76
 Abil: Dig               |     1 |       ||     1
  Use: Scroll            |     2 |       ||     2
Armor: Scale mail        |    24 |       ||    24
Dodge: Dodged            |    29 |     1 ||    30
Block: Shield            |    37 |     1 ||    38
